[Event "ETCC Open 2023"]
[Site "Budva"]
[Date "2023.11.11"]
[Round "1.28"]
[White "Klabis, Rokas"]
[Black "Yuffa, Daniil"]
[Result "0-1"]
[ECO "B31"]
[WhiteElo "2412"]
[BlackElo "2600"]
[Annotator "TA"]
[PlyCount "90"]
[EventDate "2023.11.10"]
[EventType "team-tourn"]
[EventCountry "MNE"]
[SourceTitle "playchess.com"]
[Source "ChessBase"]
[SourceQuality "1"]
[WhiteTeam "Lithuania"]
[BlackTeam "Spain"]
[WhiteTeamCountry "LTU"]
[BlackTeamCountry "ESP"]
[TimeControl "40/5400+30:1800+30"]

1. e4 c5 2. Nf3 Nc6 3. Bb5 g6 4. Bxc6 bxc6 5. O-O Bg7 6. Re1 Nh6 {[%emt 0:00:30] 6...Qc7 injects fresh life into this line.} 7. h3 {[%emt 0:00:35] B31: Sicilian: 2...Nc6 3 Bb5 g6.} O-O 8. c3 f5 9. e5 {[%emt 0:01:11] The position is equal.} Nf7 10. d4 cxd4 11. cxd4 Bb7 12. Na3 Rc8 $5 {[%emt 0:00:00][%mdl 4] A promising side line.} 13. Be3 {[%emt 0:07:35] [#]} e6 $146 ({Predecessor:} 13... d6 14. e6 Nh8 15. Qd2 c5 16. d5 f4 17. Bxf4 Rf5 18. Nc4 Qf8 19. Bxd6 Rxd5 {1-0 Dubov,D (2711)-Fedoseev,V (2701) Chess.com Rapid Wk12 Swiss 2022 (3)}) 14. Nc4 f4 15. Bxf4 {[%emt 0:21:45] And now b4 would win.} c5 16. Nfd2 cxd4 17. Rc1 Nh6 18. Bg3 Nf5 {[%emt 0:00:00] Black is more active.} 19. Ne4 Nxg3 20. fxg3 Bd5 {[%emt 0:00:00] A strong pair of Bishops.} 21. Ned6 Rc6 (21... Qg5 22. Nxc8 (22. Qxd4 $2 Qxg3 23. Re2 Rf4 $19 {[%mdl 64] Skewer}) 22... Rxc8 23. Qxd4 $16) 22. Qd2 {[%emt 0:00:00] Prevents Qg5} Qb8 23. b3 (23. Qxd4 $2 {loses.} Rxd6 24. Nxd6 Qxd6 $19) 23... Bxe5 24. Rxe5 (24. Nxe5 $14 Rxc1 25. Rxc1 Qxd6 26. Qxd4) 24... Bxc4 $11 {[%emt 0:00:00][%mdl 64] Remove Defender} 25. Nxc4 Rxc4 {[%emt 0:00:00][%mdl 64] Remove Defender} 26. Rxc4 Qxe5 27. Rxd4 {[%emt 0:00:00][%mdl 4096] Endgame KQR-KQR} d5 28. Kh2 Rf1 29. Qb4 g5 30. h4 $1 Qe1 31. Qxe1 Rxe1 32. hxg5 {[%emt 0:00:16] KR-KR} Kf7 33. Kh3 Kg6 34. Kh4 $2 {[%emt 0:00:03][%mdl 8192] [#]} (34. Kg4 $11 {and White is okay.}) 34... Rh1+ $2 (34... Kf5 $1 $19 35. g4+ Ke5) 35. Kg4 Rh5 36. Kf3 Rxg5 37. g4 {[%emt 0:00:04] Repels Rf5+} Kf6 38. Rf4+ Ke5 39. Rf7 Kd4 {[%emt 0:00:40] Threatens to win with ...e5.} 40. Rxa7 $2 {[%emt 0:01:53][%mdl 8192] [#] Now White is beyond hope.} ({White must play} 40. Rxh7 $15 Rg8 41. Rh1 (41. Rxa7 e5 $15)) 40... e5 $1 $19 {[%emt 0:00:39][%cal Be6e5,Be5e4,Be4e3,Be3e2][%mdl 32] aiming for ...e4+.} 41. a4 ({And not} 41. Rxh7 Rg8 42. Kf2 e4 $15) (41. Kf2 $142 e4 42. Rxh7) 41... e4+ {[%emt 0:01:02] Black is clearly winning.} 42. Kf4 Re5 43. Rxh7 e3 44. Rh1 e2 45. Re1 Re8 {[%emt 0:01:19] Weighted Error Value: White=0.60/Black=0.12 (very precise)} 0-1

[Event "ETCC Open 2023"]
[Site "Budva"]
[Date "2023.11.11"]
[Round "1.29"]
[White "Schitco, Ivan"]
[Black "Moussard, Jules"]
[Result "0-1"]
[ECO "A21"]
[WhiteElo "2503"]
[BlackElo "2639"]
[Annotator "TA"]
[PlyCount "88"]
[EventDate "2023.11.10"]
[EventType "team-tourn"]
[EventCountry "MNE"]
[SourceTitle "playchess.com"]
[Source "ChessBase"]
[SourceQuality "1"]
[WhiteTeam "Moldova"]
[BlackTeam "France"]
[WhiteTeamCountry "MDA"]
[BlackTeamCountry "FRA"]
[TimeControl "40/5400+30:1800+30"]

1. c4 e5 2. Nc3 Bb4 3. Nd5 a5 4. Nf3 d6 5. a3 Bc5 6. e3 {[%emt 0:04:44] A21: English Opening: 1...e5 2 Nc3.} c6 7. Nc3 Ba7 8. d4 {[%emt 0:00:14] The position is equal.} Nd7 9. Be2 Ngf6 10. g4 O-O 11. g5 Ne8 {[%emt 0:00:45] [#]} 12. dxe5 $146 ({Predecessor:} 12. Qc2 Nc7 13. h4 Qe7 14. Bd2 b5 15. dxe5 dxe5 16. Bd3 bxc4 17. Bxc4 Ba6 18. Ne4 Bxc4 19. Qxc4 {1-0 Shevchenko,K (2647)-Alekseenko,K (2710) EU-chT 23rd Terme Catez 2021 (7.3)}) 12... Qe7 13. Qc2 (13. exd6 $11 Nxd6 14. b4) 13... Nxe5 $17 14. Nxe5 dxe5 15. h4 f5 16. b4 Nc7 (16... axb4 $6 17. axb4 Be6 18. c5 $11) 17. c5 Be6 18. Bb2 Rad8 19. Na4 {[%emt 0:04:57] [#]} (19. Rd1 $17) 19... Qf7 (19... f4 $1 $19 {[%cal Rf4e3] aiming for ...fxe3.} 20. e4 (20. bxa5 $2 Qf7 $17) (20. Bxe5 $2 fxe3 21. f4 Bb8 $19) 20... f3) 20. Rc1 (20. bxa5 $2 Bb3 21. Qc3 Bxa4 $19) (20. Nb6 $17 axb4 21. axb4) 20... f4 21. e4 (21. h5 {might work better.} fxe3 22. Qxh7+ {[%mdl 64] Remove Defender, Decoy} Kxh7 23. g6+ Kh6 24. gxf7 exf2+ 25. Kxf2) 21... f3 $19 22. Bc4 Nb5 23. Bxe6 Qxe6 24. Qc4 Qxc4 25. Rxc4 axb4 {[%emt 0:01:20] White is weak on the light squares} 26. axb4 {[%emt 0:00:07] [#]} Bb8 (26... Rf4 $1 $19 27. Nc3 (27. Bxe5 $2 Rg4 $19) 27... Nd4) 27. Nc3 (27. Bc1 $17 {keeps fighting.}) 27... Rf4 $40 {[%emt 0:01:19][%mdl 128] Black has strong attack.} (27... Rd3 $19 {is more deadly. Strongly threatening ...Nd4.} 28. Nxb5 cxb5) 28. Nd1 (28. Nb1 $17) 28... Nd4 29. Bxd4 Rxe4+ {[%emt 0:01:14][%mdl 64] Pin} (29... Rxd4 30. Rxd4 exd4 31. Kd2 $11) 30. Kd2 Rdxd4+ (30... exd4 31. Kd3 Rg4 32. Nb2 $17) 31. Rxd4 Rxd4+ {[%emt 0:00:26][%mdl 4096] Endgame KRB-KRN} 32. Kc3 Kf7 33. Ne3 Ke6 {[%emt 0:02:27] ...Rd8 would be deadly.} 34. Ra1 (34. Nc4 $142) 34... Rd8 (34... Rxh4 35. Ra8 Bc7 36. Re8+ Kd7 37. Rg8 $17) 35. b5 $2 (35. Ra8 {was worth a try.}) 35... e4 {[%emt 0:00:32] ...Be5+ is the strong threat. Black is clearly winning.} (35... cxb5 $2 36. Rb1 $19) 36. Ra4 Be5+ 37. Kc2 Bd4 38. b6 Rd7 ({Weaker is} 38... Bxc5 39. Rxe4+ Kd7 40. Re5 Bxb6 41. Rf5 $19) 39. h5 Ke5 {[%emt 0:03:18] Threatens to win with ...Bxe3.} ({Not} 39... Bxc5 40. Rxe4+ Kf7 41. Rf4+ Ke7 42. Rxf3 $17) 40. Nc4+ Kd5 41. Nd6 Bxf2 42. Nxe4 Bxc5 43. h6 (43. g6 $142 hxg6 44. Nxc5 Kxc5 45. hxg6) 43... f2 44. hxg7 Rxg7 {[%emt 0:00:12] Weighted Error Value: White=0.52/Black=0.18 (very precise)} (44... f1=R 45. g8=Q+ (45. g8=R Bd4 $17) 45... Rff7 46. Nf6+ Ke5 47. Qb8+ Ke6 48. Nxd7 Rf2+ 49. Kd3 Rf3+ 50. Kd2) 0-1

[Event "ETCC Open 2023"]
[Site "Budva"]
[Date "2023.11.11"]
[Round "1.30"]
[White "Fressinet, Laurent"]
[Black "Macovei, Andrei"]
[Result "1/2-1/2"]
[ECO "E11"]
[WhiteElo "2640"]
[BlackElo "2446"]
[Annotator "TA"]
[PlyCount "77"]
[EventDate "2023.11.10"]
[EventType "team-tourn"]
[EventCountry "MNE"]
[SourceTitle "playchess.com"]
[Source "ChessBase"]
[SourceQuality "1"]
[WhiteTeam "France"]
[BlackTeam "Moldova"]
[WhiteTeamCountry "FRA"]
[BlackTeamCountry "MDA"]
[TimeControl "40/5400+30:1800+30"]

1. d4 Nf6 2. Nf3 e6 3. c4 Bb4+ 4. Bd2 Bxd2+ 5. Qxd2 d5 6. g3 O-O 7. Bg2 c6 $1 {[%emt 0:00:00][%mdl 4] is currently scoring better than 7...Nbd7. E11: Bogo-Indian.} 8. O-O dxc4 9. Ne5 b5 {[%emt 0:00:00] White has an edge.} 10. b3 ({Much worse is} 10. Nxc6 Nxc6 11. Bxc6 Rb8 $11) 10... cxb3 $1 11. axb3 Bb7 {[%emt 0:00:00] [#]} 12. Nc3 $146 {[%emt 0:01:15][%mdl 1024] White has compensation.} ({Predecessor:} 12. Rc1 a5 13. Qb2 Qb6 14. Nd2 Nbd7 15. Nxc6 Rfe8 16. Rc2 Nd5 17. Rac1 N7f6 18. Ne4 Nxe4 19. Bxe4 {0-1 Dragnev,V (2553)-Vitiugov,N (2747) Wch Rapid Moscow 2019 (5)}) 12... Nbd7 {[%emt 0:00:00] [#] ...Nxe5 is the strong threat.} 13. Rfd1 Qb6 14. b4 (14. Nxd7 $14 Nxd7 15. Ne4) 14... Rfd8 {[%emt 0:00:00] Threatens to win with ...Nxe5.} 15. Qb2 h6 16. e3 (16. Nd3 $11) 16... Qc7 (16... Nxe5 $15 17. dxe5 Rxd1+ 18. Rxd1 Nd5) 17. Rdc1 Nxe5 18. Nxb5 $1 {[%emt 0:00:20][%mdl 64] [#] Pin, Double Attack} Qb6 19. dxe5 {[%emt 0:00:09] Na3 would be deadly.} cxb5 20. Bxb7 Qxb7 21. exf6 g6 22. Qe2 Rd7 23. e4 Rad8 24. Qe3 Kh7 25. Qf4 g5 26. Qe5 Qb8 27. Qxb8 (27. Qc5 $11 {remains equal.}) 27... Rxb8 $11 {[%emt 0:00:01][%mdl 4096] Endgame KRR-KRR} 28. Rc5 Kg6 29. e5 g4 (29... Rbb7 $17 {aiming for ...Rd4.} 30. Rc8 Kf5) 30. Kg2 h5 (30... Rbb7 $1 $15 {is more appropriate.}) 31. h3 Rd4 (31... Rd2 $5 ) 32. Rxa7 {[%emt 0:02:02] The position is equal.} Rxb4 33. Rcc7 Rf8 34. Rab7 Rb2 35. hxg4 hxg4 36. Rc5 Rd8 {[%emt 0:01:38] And now ...Rdd2 would win.} 37. Rbxb5 Rxb5 38. Rxb5 Rd5 39. Rb4 {[%emt 0:00:36] Weighted Error Value: White=0.11 (very precise) /Black=0.10 (very precise)} ({But not} 39. Rxd5 $2 exd5 40. Kg1 Kf5 $19) 1/2-1/2

[Event "ETCC Open 2023"]
[Site "Budva"]
[Date "2023.11.11"]
[Round "1.31"]
[White "Iordachescu, Viorel"]
[Black "Lagarde, Maxime"]
[Result "0-1"]
[ECO "A22"]
[WhiteElo "2586"]
[BlackElo "2629"]
[Annotator "TA"]
[PlyCount "86"]
[EventDate "2023.11.10"]
[EventType "team-tourn"]
[EventCountry "MNE"]
[SourceTitle "playchess.com"]
[Source "ChessBase"]
[SourceQuality "1"]
[WhiteTeam "Moldova"]
[BlackTeam "France"]
[WhiteTeamCountry "MDA"]
[BlackTeamCountry "FRA"]
[TimeControl "40/5400+30:1800+30"]

1. Nf3 c5 2. c4 Nf6 3. Nc3 d5 4. cxd5 Nxd5 5. g3 Nc6 6. Bg2 Nxc3 7. bxc3 e5 8. O-O Be7 9. Rb1 O-O 10. d3 Qc7 {[%emt 0:02:44] The main line 10...Qc7 scores better than 10...Rb8. A22: English Opening: 1...e5 2 Nc3 Nf6.} 11. Nd2 {[%emt 0:10:12][%cal Bf3d2,Bd2c4,Bc4e3,Be3d5][%mdl 32] 11.Be3 is not played anymore.} Rb8 12. Nc4 b5 {[%emt 0:04:48] The position is equal.} 13. Ne3 Be6 14. c4 a6 15. Nd5 Qd7 16. Bb2 {[%emt 0:03:53] [#]} Bd6 $146 ({Predecessor:} 16... f6 17. Qd2 Bd6 18. e3 Ne7 19. Rfc1 Nxd5 20. cxd5 Bh3 21. e4 Bxg2 22. Kxg2 f5 {½-½ Mathes,C-Granz,T (1839) GER OS-307 email 2016}) 17. Qd2 Bh3 18. Bxh3 Qxh3 19. e4 f5 20. f3 bxc4 (20... Rf7 {is more complex.} 21. Ba1 bxc4 22. Ne3 fxe4 23. Rxb8+ Bxb8 24. dxe4 Nd4) 21. dxc4 fxe4 22. fxe4 Nd4 23. Bxd4 exd4 (23... Rxb1 $15 24. Rxb1 cxd4) 24. Rxf8+ $11 Rxf8 25. Qg5 {[%emt 0:03:11] Inhibits Qg4. Strongly threatening e5.} h6 26. Qg6 Qd7 27. Kg2 Be5 28. Rb2 Kh8 29. Qh5 Bd6 ({Black should try} 29... Rb8 $11 30. Rxb8+ Bxb8) 30. e5 (30. Rb6 $1 $14) 30... Rf5 $40 {[%emt 0:00:40][%mdl 128] White needs to defend precisely.} 31. Qh3 Bf8 {[%emt 0:01:22] [#]} (31... Bxe5 $11 {and Black has nothing to worry.} 32. Ne7 d3 33. Ng6+ (33. Qxf5 Qxf5 34. Nxf5 Bxb2 $11) 33... Kg8 34. Nxe5 {[%mdl 64] Pin} Qe6) 32. Kg1 $2 ({Only move:} 32. Re2 $1 $18 {aiming for e6.} Qe6 33. Nf4) 32... Qf7 33. Nf4 {[%emt 0:00:50] Threatens to win with e6.} (33. Re2 $5 d3 {[%mdl 64] Deflection} 34. Rd2 $15) 33... Rxe5 {[%emt 0:00:29][%cal Of8d6] ...Bd6! is the strong threat.} 34. Qc8 $1 Re8 (34... Kh7 $15 35. Kg2 Re8) 35. Rb7 Rxc8 (35... Qxc4 $2 36. Qxe8 Qc1+ 37. Kf2 Qc2+ 38. Qe2 $18) 36. Rxf7 {[%emt 0:00:04][%mdl 4096] Endgame KRB-KRN} Re8 37. Kf2 Bd6 38. Nd5 $2 {[%emt 0:00:36] This move loses the game for White.} (38. Rf5 $11 {and White stays safe.}) 38... d3 $19 {[%emt 0:00:35] White must now prevent ...d2.} 39. Rf3 Re2+ {[%emt 0:00:07][%mdl 64] [#] Skewer} 40. Kf1 Rxh2 41. Rxd3 Rxa2 42. g4 (42. Nf6 {was forced.}) 42... Be5 43. Ne7 {[%emt 0:00:10] Hoping for Ng6+.} Bf6 {[%emt 0:00:00] Weighted Error Value: White=0.27 (precise) /Black=0.16 (very precise)} 0-1

[Event "ETCC Open 2023"]
[Site "Budva"]
[Date "2023.11.11"]
[Round "1.32"]
[White "Maurizzi, Marc`Andria"]
[Black "Lashkin, Jegor"]
[Result "1/2-1/2"]
[ECO "E04"]
[WhiteElo "2572"]
[BlackElo "2457"]
[Annotator "TA"]
[PlyCount "75"]
[EventDate "2023.11.10"]
[EventType "team-tourn"]
[EventCountry "MNE"]
[SourceTitle "playchess.com"]
[Source "ChessBase"]
[SourceQuality "1"]
[WhiteTeam "France"]
[BlackTeam "Moldova"]
[WhiteTeamCountry "FRA"]
[BlackTeamCountry "MDA"]
[TimeControl "40/5400+30:1800+30"]

1. d4 Nf6 2. c4 e6 3. Nf3 d5 4. g3 dxc4 5. Bg2 c6 6. O-O b5 7. a4 {[%emt 0:01:19] E04: Open Catalan: 5 Nf3.} Bb7 8. Ne5 {[%emt 0:03:17] Black must now prevent axb5.} a6 9. b3 cxb3 10. Qxb3 Qxd4 11. Bb2 Qb6 12. Nd2 {[%emt 0:12:59][%cal Oe5f7] aiming for Nxf7!} Be7 {[%emt 0:02:06] [#]} 13. Ne4 $146 (13. Nxf7 $11 Kxf7 14. Nc4) ({Predecessor:} 13. Nxf7 Kxf7 14. Nc4 Qd8 15. Ne5+ Kf8 16. Qxe6 Qe8 17. axb5 axb5 18. Rxa8 Bxa8 19. Ra1 {1-0 Wagner,D (2335)-Brunello,M (2354) AUT-chT (Women) 2122 2021 (5.1)}) 13... Nxe4 (13... O-O $1 $15) 14. Bxe4 $11 O-O (14... Qc7 $11) 15. Qd3 (15. Nxf7 $1 $16 Rxf7 16. Qxe6) 15... h6 16. axb5 cxb5 17. Rac1 a5 {[%emt 0:12:48] [#]} (17... Bxe4 $11 18. Qxe4 Ra7) 18. Ng4 {[%emt 0:06:55] White is much more active.} ({Better is} 18. Bd4 $1 $16 Bxe4 19. Qxe4) 18... f5 {[%emt 0:09:36] [#]} (18... e5 $1 $15) 19. Qc3 $1 Bf6 (19... Bxe4 $2 20. Qxg7#) 20. Nxf6+ Rxf6 21. Bxb7 Qxb7 22. Rfd1 {[%emt 0:02:51] Rd8+ would be deadly.} Na6 $1 23. Qxa5 {[%emt 0:00:52] Black is weak on the dark squares} Rff8 {[%emt 0:02:13] [#]} (23... Rf7 $1 $11 {remains equal.}) 24. Rd6 $1 $16 {[%emt 0:03:24][%cal Od6b6][%mdl 1024] And now Rb6! would win. White has strong compensation.} Nc5 $1 25. Qd2 (25. Qb4 $5 Na4 26. Rxe6 $16) 25... Rac8 26. Qd1 Na4 (26... Kh7 {simplifies} 27. f3 b4 28. Kf1 Rf7) 27. Ba1 Rxc1 28. Qxc1 Rc8 29. Qe3 Qe4 30. Qxe4 fxe4 $11 {[%emt 0:00:08][%mdl 4096] Endgame KRB-KRN} 31. Bd4 (31. Kg2 $5 ) 31... Nc3 32. Bxc3 Rxc3 33. Rxe6 {[%emt 0:00:05] KR-KR} Rc4 34. Rb6 b4 35. Kg2 Kf7 36. h4 Ke7 37. Rg6 Kf7 38. Rb6 {[%emt 0:00:23] Weighted Error Value: White=0.17 (very precise) /Black=0.20 (precise)} 1/2-1/2

[Event "ETCC Open 2023"]
[Site "Budva"]
[Date "2023.11.11"]
[Round "1.33"]
[White "Georgiadis, Nico"]
[Black "Van Foreest, Jorden"]
[Result "0-1"]
[ECO "B11"]
[WhiteElo "2556"]
[BlackElo "2700"]
[Annotator "TA"]
[PlyCount "78"]
[EventDate "2023.11.10"]
[EventType "team-tourn"]
[EventCountry "MNE"]
[SourceTitle "playchess.com"]
[Source "ChessBase"]
[SourceQuality "1"]
[WhiteTeam "Switzerland"]
[BlackTeam "Netherlands"]
[WhiteTeamCountry "SUI"]
[BlackTeamCountry "NED"]
[TimeControl "40/5400+30:1800+30"]

1. e4 c6 2. Nf3 d5 3. Nc3 Bg4 4. h3 Bxf3 5. Qxf3 e6 6. d3 Nd7 7. Be2 g6 {[%emt 0:01:27][%cal Bg7g6,Bg6g5][%mdl 32] B11: Caro-Kann: Two Knights Variation.} 8. h4 {[%emt 0:00:41] [#]} h6 $146 ({Predecessor:} 8... Qb6 9. h5 Bh6 10. exd5 exd5 11. Bxh6 Nxh6 12. Qf4 Nf5 13. O-O-O O-O-O 14. g3 Qd4 15. Ne4 {½-½ Ligon,S (2141)-Duttagupta,A (2124) FICGS W-ch st1 g05 email 2020 (1)}) 9. h5 g5 $1 {[%emt 0:00:20] The position is equal.} 10. d4 Bg7 {[%emt 0:00:05] Black is weak on the light squares} 11. Qd3 Qb6 12. Be3 Ne7 (12... Qxb2 {feels hotter.} 13. Rb1 dxe4 14. Qc4 Qa3) 13. O-O-O f5 14. exf5 exf5 15. Kb1 O-O 16. g4 {[%emt 0:05:52] Strongly threatening f4.} f4 17. Bc1 Rae8 18. b3 Qb4 (18... f3 $5 19. Bxf3 Qxd4 20. Qxd4 Bxd4 21. Bxd5+ Nxd5 22. Nxd5 Bxf2 $11) 19. Bf3 Nc8 20. a4 Nc5 21. dxc5 $16 Qxc3 22. Qxc3 Bxc3 23. Bb2 Bxb2 24. Kxb2 b6 (24... Re5 $16) 25. b4 (25. c4 $18) 25... Kf7 (25... bxc5 $16 26. bxc5 Ne7) 26. Rhe1 $2 (26. c4 $18) 26... Rxe1 $11 27. Rxe1 bxc5 28. bxc5 {[%emt 0:00:08][%mdl 4096] [#] Endgame Black must now prevent Kc3. KRB-KRN} Ne7 29. Be2 Rb8+ 30. Kc3 a5 $1 31. Rd1 Ng8 {[%emt 0:01:30] And now ...Nf6 would win.} 32. Bd3 Nf6 33. Bg6+ Kg7 34. f3 (34. Bf5 $11 {and White is okay.}) 34... Nd7 $19 35. Bd3 (35. Kd2 $142) 35... Kf6 ({Worse is} 35... Nxc5 36. Kd4 Nd7 37. c4 $17) 36. Re1 {[%emt 0:00:25] [#]} Ne5 $1 ({Not} 36... Nxc5 37. Bf5 Nxa4+ 38. Kd3 $17) 37. Be2 Rb4 38. Rd1 Rxa4 39. Rb1 d4+ {[%emt 0:00:22] What a bad dream for White.   Weighted Error Value: White=0.33/Black=0.13 (very precise)} 0-1

[Event "ETCC Open 2023"]
[Site "Budva"]
[Date "2023.11.11"]
[Round "1.34"]
[White "Warmerdam, Max"]
[Black "Bogner, Sebastian"]
[Result "1-0"]
[ECO "A09"]
[WhiteElo "2638"]
[BlackElo "2536"]
[Annotator "TA"]
[PlyCount "67"]
[EventDate "2023.11.10"]
[EventType "team-tourn"]
[EventCountry "MNE"]
[SourceTitle "playchess.com"]
[Source "ChessBase"]
[SourceQuality "1"]
[WhiteTeam "Netherlands"]
[BlackTeam "Switzerland"]
[WhiteTeamCountry "NED"]
[BlackTeamCountry "SUI"]
[TimeControl "40/5400+30:1800+30"]

1. Nf3 d5 2. g3 g6 3. c4 dxc4 4. Na3 Bg7 5. Nxc4 c5 6. Bg2 {[%emt 0:00:40] A09: Réti Opening: 1 Nf3 d5 2 c4.} Nc6 7. d3 Nh6 8. Be3 {[%emt 0:14:31] White is slightly better.} Be6 9. O-O (9. Bxc5 $2 Bxc4 10. O-O (10. dxc4 $2 Qa5+ 11. b4 Nxb4 $19) 10... Be6 $19) (9. Qd2 $5 Nf5 10. Bxc5 $14) 9... b6 {[%emt 0:15:39] [#]} 10. Nfe5 $146 ({Predecessor:} 10. Rc1 Nf5 11. Bd2 Rc8 12. Bc3 Nfd4 13. Nxd4 Bxd4 14. Qa4 Bd7 15. Bxc6 Bxc6 16. Qxa7 {1-0 Anand,V (2804)-Hammer,J (2677) Norway Masters blitz 3rd 2015 (2)}) 10... Nxe5 11. Nxe5 Bxe5 12. Bxa8 Qxa8 13. Bxh6 Bxb2 {[%emt 0:09:50] This pair of bishops is nice.} (13... Bh3 14. Qa4+ Bd7 15. Qc2 $16 (15. Qb3 Rg8 $16)) 14. Rb1 Bd4 15. e3 Bf6 16. d4 {[%emt 0:06:51] dxc5 would be deadly.} cxd4 (16... Bh3 $11 17. Qa4+ Kd8) 17. exd4 g5 18. Rc1 $1 $36 {[%emt 0:03:52][%cal Od4d5][%mdl 2048] Black is under pressure.} Qb7 {[%emt 0:02:31] [#] Dodges d5} ({Better is} 18... Bh3 $14 19. d5 Rg8) 19. Qc2 $2 (19. d5 $1 $16 {[%cal Rd5e6] and life is bright.} Bxd5 20. Qa4+ b5 21. Qa5) 19... Bh3 $19 (19... Bxd4 $2 20. Qa4+ (20. Bxg5 Bh3 $17) 20... b5 21. Qxd4 $18) 20. f3 Bxf1 (20... Bxd4+ 21. Rf2 Bd7 22. Rd1 Bxf2+ 23. Kxf2 $17) 21. Rxf1 {[%emt 0:00:17] [#]} Bxd4+ $2 (21... Rg8 $1 $19 {[%cal Rg8g6] is more deadly. Threatens to win with ...Rg6.} 22. Rc1 Rg6 {[%mdl 64] Trapped Piece}) 22. Kg2 $17 Bc5 $2 (22... Rg8 $17 {stays on course. And now ...Rg6 would win.} 23. Rd1 Rg6 24. Bxg5 (24. Qa4+ Qd7 $17) 24... e5) 23. Bg7 $1 $18 {[%emt 0:02:42][%mdl 64] Deflection} Rg8 24. Qxh7 Rxg7 25. Qh8+ ({Don't play} 25. Qxg7 $6 Qd5 $16) 25... Kd7 {[%emt 0:00:04] White must now prevent ...Rg6.} 26. Rd1+ ({But not} 26. Qxg7 $6 Qd5 $16) 26... Bd6 27. Qxg7 {[%emt 0:00:06][%mdl 4096] Endgame KQR-KQB} f6 28. Qg6 Qc6 29. Rd2 Kc7 $2 (29... Qa4 {is tougher.} 30. Qg8 Qc6) 30. h4 {[%emt 0:00:53] Rc2 is the strong threat. White is clearly winning.} gxh4 31. gxh4 Qb5 32. Rc2+ Bc5 33. h5 {[%emt 0:00:50] Strongly threatening h6.} Kd7 34. h6 {[%emt 0:00:26] Weighted Error Value: White=0.21 (precise) /Black=0.66} 1-0

[Event "ETCC Open 2023"]
[Site "Budva"]
[Date "2023.11.11"]
[Round "1.35"]
[White "Pelletier, Yannick"]
[Black "Vrolijk, Liam"]
[Result "1/2-1/2"]
[ECO "E11"]
[WhiteElo "2505"]
[BlackElo "2569"]
[Annotator "TA"]
[PlyCount "90"]
[EventDate "2023.11.10"]
[EventType "team-tourn"]
[EventCountry "MNE"]
[SourceTitle "playchess.com"]
[Source "ChessBase"]
[SourceQuality "1"]
[WhiteTeam "Switzerland"]
[BlackTeam "Netherlands"]
[WhiteTeamCountry "SUI"]
[BlackTeamCountry "NED"]
[TimeControl "40/5400+30:1800+30"]

1. d4 Nf6 2. c4 e6 3. Nf3 d5 4. g3 Bb4+ 5. Bd2 Be7 6. Bg2 O-O 7. O-O Nbd7 8. Qc2 c6 9. Bg5 b6 {[%emt 0:04:56] E11: Bogo-Indian.} 10. Nbd2 h6 11. Bxf6 Nxf6 {[%emt 0:00:09] The position is equal.} 12. Ne5 Bb7 13. cxd5 cxd5 14. Rfc1 Rc8 15. Qa4 a6 16. e3 {[%emt 0:14:06] [#]} Qd6 $146 ({Predecessor:} 16... Bd6 17. f4 Rc7 18. Bf1 Qc8 19. Qd1 Qb8 20. Rxc7 Bxc7 21. Rc1 Rc8 22. Nc6 Bxc6 23. Rxc6 {1-0 Istratescu,A (2596)-Svane,R (2555) London Classic Super rapid 8th 2016 (5)}) 17. a3 Rc7 18. Bf1 Rfc8 19. Qd1 Nd7 20. f4 Nf6 21. Bd3 Ne4 22. Nb3 a5 23. Rxc7 Rxc7 24. Rc1 Rxc1 25. Qxc1 (25. Nxc1 $5 f6 26. Ng6 $11) 25... f6 26. Nf3 Qc6 27. Qxc6 Bxc6 28. Nbd2 b5 29. Nb1 Kf7 30. Kf1 Nd6 31. b3 Ne4 32. Ke2 Bd6 33. Ne1 b4 34. a4 Bc7 35. Nf3 Ke7 36. Nfd2 Nxd2 37. Nxd2 $15 {[%emt 0:00:09][%mdl 4096] Endgame KBB-KBN} e5 38. fxe5 fxe5 39. dxe5 Bxe5 40. Nf3 Kd6 41. Nd4 Bd7 42. Kf3 Kc5 43. Bf5 Be8 44. Ne6+ Kd6 {[%emt 0:00:08] Threatens to win with ...g6.} 45. Nd4 Kc5 {[%emt 0:32:29] Weighted Error Value: White=0.08 (flawless) /Black=0.05 (flawless)} 1/2-1/2

[Event "ETCC Open 2023"]
[Site "Budva"]
[Date "2023.11.11"]
[Round "1.36"]
[White "Van Foreest, Lucas"]
[Black "Kurmann, Oliver"]
[Result "1/2-1/2"]
[ECO "B30"]
[WhiteElo "2540"]
[BlackElo "2436"]
[Annotator "RC"]
[PlyCount "61"]
[EventDate "2023.11.10"]
[EventType "team-tourn"]
[EventCountry "MNE"]
[SourceTitle "playchess.com"]
[Source "ChessBase"]
[SourceQuality "1"]
[WhiteTeam "Netherlands"]
[BlackTeam "Switzerland"]
[WhiteTeamCountry "NED"]
[BlackTeamCountry "SUI"]
[TimeControl "40/5400+30:1800+30"]

1. e4 c5 2. Nf3 Nc6 3. Bb5 e6 4. Bxc6 bxc6 5. d3 Qc7 6. O-O Ne7 7. Re1 e5 8. c3 Ng6 9. d4 d6 10. Be3 Be7 11. dxc5 dxc5 12. Nbd2 O-O 13. Qa4 Rb8 14. Rab1 Rb5 15. a3 Be6 16. b4 cxb4 17. cxb4 Ra8 18. Rec1 Qb7 19. Qc2 a5 20. bxa5 Bxa3 21. Qxc6 Qxc6 22. Rxc6 Raxa5 23. Rxb5 Rxb5 24. Ng5 Bd7 25. Ra6 Be7 26. Ra7 Nf8 27. h3 Bc5 28. Bxc5 Rxc5 29. Ra8 Rc8 30. Rxc8 Bxc8 31. Ngf3 1/2-1/2